[Event "*** SCC Grand Prix: Titled Tuesday Blitz"]
[Site "Chess.com"]
[Date "2020.09.29"]
[Round "3"]
[White "Caterpiller35"]
[Black "youngKID"]
[Result "0-1"]
[WhiteElo "2509"]
[BlackElo "2772"]
[TimeControl "180+1"]
[EndTime "10:29:13 PDT"]
[Termination "youngKID won by resignation"]

1. d4 Nf6 2. Bg5 Ne4 3. Bf4 g6 4. f3 Nf6 5. e4 d6 6. Nc3 Bg7 7. Qd2 a6 8. Bh6 Bxh6 9. Qxh6 b5 10. O-O-O b4 11. Nb1 Bb7 12. h4 Nc6 13. Nh3 Qd7 14.
Ng5 O-O-O 15. Nxf7 e5 16. Nxd8 Rxd8 17. dxe5 Nxe5 18.
Qd2 Qa4 19. a3 a5 20. b3 Qc6 21. axb4 a4 22. b5 Qe8 23. bxa4 d5 24. Qf4 Qe7 25. Qd2 Rd7 26. Qc3 dxe4 27. Rxd7 Nexd7 28. Bc4 Ne5 29. a5 exf3 30. gxf3 Nxf3 31. a6 Ba8 32. Rd1 Kb8 33.
b6 cxb6 34. Na3 Bc6 35. Nb5 h6 36. Nd4 Nxd4 37. Qxd4 Ka7 38. Rf1 Qa3+ 39. Kd2 Ne4+ 40. Ke2 Ng3+ 41. Kf2 Nxf1 42. Qg7+ Ka8 43. Qc7 Qf3+ 44.
Ke1 Ng3 45. Qc8+ Ka7 46. Qc7+ Bb7 47. Qxb7+ Qxb7 48. axb7 Kxb7 49. Kf2 Nf5 50. h5 g5 51. Bd3 Ng7 52. Kg3 Nxh5+ 53. Kg4 Ng7 54. Be4+ Kc7 55. Bd5 Kd6 56. c4 Ke5 57. Bf7 Kf6 58. Bg8 h5+ 59.
Kf3 Ke5 60. Kg3 Nf5+ 61. Kf3 g4+ 62. Kg2 Kf4 63. Bf7 h4 64. Bh5 Ne3+ 65. Kf2 Nxc4 0-1

[Event "*** SCC Grand Prix: Titled Tuesday Blitz"]
[Site "Chess.com"]
[Date "2020.09.29"]
[Round "3"]
[White "OhanyanEminChess"]
[Black "Aborigen_came"]
[Result "1/2-1/2"]
[WhiteElo "2514"]
[BlackElo "2739"]
[TimeControl "180+1"]
[EndTime "10:29:16 PDT"]
[Termination "Game drawn - insufficient material"]

1. e4 Nf6 2. Nc3 d5 3. e5 Nfd7 4. d4 c5 5. f4 cxd4 6. Nce2 Nc6 7. Nf3 Nc5 8. Nexd4 Bg4 9. c3 e6 10. Be2 Ne4 11. O-O Bc5 12. Be3 O-O 13. Nd2 Bxe2 14. Qxe2 Bxd4 15. cxd4 f5 16. Nxe4 dxe4 17. Qc4 Qd7 18.
Rfd1 Ne7 19. g3 Nd5 20. Qe2 Rac8 21. Rac1 g6 22. Qd2 Rxc1 23. Rxc1 Rc8 24. Rc5 b6 25.
Rc1 Kg7 26. Kf2 Rc6 27. b3 a5 28. Rc4 Nb4 29. a3 Nd3+ 30. Kg2 b5 31. Rc3 Qc7 32. Rxc6 Qxc6 33. Kh3 b4 34. axb4 axb4 35. Qa2 Qc7 36. Qa4 Kh6 37. Qe8 Ne1 38. Qf8+ Qg7 39. Qd8 Qf7 40. Qh4+ Kg7 41. Qd8 Nd3 42. d5 exd5 43.
e6 Qxe6 44. Bd4+ Kf7 45. Qh8 Qe7 46. Qxh7+ Ke6 47. Qxg6+ Kd7 48. Qxf5+ Qe6 49. Qxe6+ Kxe6 50. Kg2 Nc1 51. Bc5 Nxb3 52. Bxb4 d4 53. g4 d3 54. f5+ Ke5 55. Kf2 Kf4 56. Bd6+ Kxg4 57. f6 d2 58. Ke2 e3 59. f7 Nc1+ 60. Kd1 Nd3 61. f8=Q Nf2+ 62. Kc2 d1=Q+ 63. Kc3 Qd3+ 64. Kb4 Qd4+ 65.
Kb5 Qd5+ 66. Kb6 Qf5 67. Qxf5+ Kxf5 68. Bc5 Ng4 69. h3 e2 70. hxg4+ Kxg4 71. Bb4 e1=Q 72. Bxe1 1/2-1/2

[Event "*** SCC Grand Prix: Titled Tuesday Blitz"]
[Site "Chess.com"]
[Date "2020.09.29"]
[Round "3"]
[White "GmSergioBarrientos"]
[Black "Zhigalko_Sergei"]
[Result "0-1"]
[WhiteElo "2688"]
[BlackElo "2940"]
[TimeControl "180+1"]
[EndTime "10:29:17 PDT"]
[Termination "Zhigalko_Sergei won by resignation"]

1. d4 Nf6 2. Nf3 e6 3. c4 b6 4.
a3 Ba6 5. Qc2 Bb7 6. Nc3 c5 7. e4 cxd4 8. Nxd4 Nc6 9. Nxc6 Bxc6 10. Bf4 Nh5 11. Be3 Bc5 12. Qd2 O-O 13. Be2 Nf6 14. Bf3 Qc7 15. O-O Rac8 16. Rac1 Bxe3 17. Qxe3 d6 18. Rfd1 Rfd8 19. Nd5 Bxd5 20. cxd5 Qe7 21. dxe6 Qxe6 22. Qd4 Qe5 23. Rxc8 Rxc8 24. Qxd6 Qxd6 25.
Rxd6 Nxe4 26. Rd1 Nf6 27. g4 h6 28. h4 Kf8 29. g5 hxg5 30. hxg5 Nh7 31. Bb7 Rc7 32. Rd8+ Ke7 33. Rb8 Nxg5 34. b4 Ne6 35. b5 Nd4 36. a4 Ne6 37. Bc6 Nc5 38. Re8+ Kf6 39. a5 bxa5 40. Re3 a6 41. Rc3 Na4 42.
Rf3+ Ke5 43. Be8 axb5 44. Bxb5 Nc3 45. Be8 f6 46. Bg6 a4 47. Rf5+ Kd4 48. Ra5 Kc4 49. Kf1 Kb4 50. Ra8 a3 51. Ke1 a2 52. Kd2 Na4 53.
Rb8+ Ka3 54. Bf7 Rc3 55. Bxa2 Kxa2 56. Rb7 g5 57. Rf7 Rc6 58. Ke3 Nc5 59. f4 gxf4+ 60.
Kxf4 Rd6 61. Kf5 Nd7 62. Re7 Kb3 63. Re4 Kc3 64. Ra4 Kb3 65. Re4 Kc3 66. Ra4 Kd3 67.
Ra1 Kc4 68. Ra5 Kb4 69. Ra1 Kc5 70. Ra7 Kc6 71. Ra6+ Kc7 72. Ra7+ Kd8 73. Ra8+ Ke7 74. Rh8 Rd5+ 75. Ke4 Re5+ 76. Kf4 Nc5 0-1

[Event "*** SCC Grand Prix: Titled Tuesday Blitz"]
[Site "Chess.com"]
[Date "2020.09.29"]
[Round "3"]
[White "DenLaz"]
[Black "tdf98pantani"]
[Result "1-0"]
[WhiteElo "2812"]
[BlackElo "2623"]
[TimeControl "180+1"]
[EndTime "10:29:17 PDT"]
[Termination "DenLaz won by resignation"]

1. d4 d5 2. c4 c6 3. Nf3 Nf6 4. e3 Bf5 5. Nc3 e6 6. Nh4 Be4 7. f3 Bg6 8. Bd2 Nbd7 9. Qb3 Rb8 10. cxd5 exd5 11. Nxg6 hxg6 12. Bd3 Bd6 13. O-O-O c5 14. dxc5 Nxc5 15. Bb5+ Kf8 16. Qc2 a6 17. Be2 Rc8 18.
Kb1 b5 19. Rc1 Kg8 20. h4 Ncd7 21. Qb3 Nb6 22. e4 dxe4 23. Bg5 Be7 24. Rhd1 Qe8 25. fxe4 Nc4 26. Bxc4 Rxc4 27. e5 Ng4 28. e6 Bxg5 29. hxg5 Rh2 30. Re1 fxe6 31. Ne4 Qc6 32. Rxc4 bxc4 33.
Qg3 Rh1 34. Rxh1 Qxe4+ 35. Kc1 e5 36. Re1 Qf5 37. Qf3 Qxg5+ 38. Kb1 Nf6 39. a3 e4 40.
Qc3 Qf5 41. Qxc4+ Kh7 42. Qc2 g5 43. Ka2 Kg6 44. Qb3 Qf2 45. Re3 Qxg2 46. Rg3 Qf2 47. Qe3 Qf5 48. Rg1 Nd5 49. Qd4 Nf6 50. Re1 g4 51. a4 g3 52. Rg1 Qf3 53. Qc3 Qxc3 54. bxc3 Nh5 55. Kb3 Kf5 56. c4 Ke5 57. Kc3 Kf4 58.
c5 Nf6 59. c6 Kf3 60. Kd4 Kf2 61. c7 Kxg1 62. c8=Q g2 63. Ke3 Kh2 64. Qc7+ Kh3 65.
Kf2 e3+ 66. Kg1 Ng4 67. Qf4 g5 68. Qe4 Kg3 69. Qxg2+ Kf4 70. Qe2 Ne5 71. Kg2 g4 72. Qf1+ Nf3 73. Qc4+ Kg5 74. Kg3 Ne5 75. Qf4+ Kg6 76.
Qxe5 1-0

[Event "*** SCC Grand Prix: Titled Tuesday Blitz"]
[Site "Chess.com"]
[Date "2020.09.29"]
[Round "3"]
[White "anon481216"]
[Black "A-Fier"]
[Result "0-1"]
[WhiteElo "2445"]
[BlackElo "2848"]
[TimeControl "180+1"]
[EndTime "10:29:21 PDT"]
[Termination "A-Fier won by resignation"]

1. d4 Nf6 2. c4 c5 3. d5 e6 4. Nc3 exd5 5. cxd5 d6 6. Nf3 g6 7. h3 Bg7 8. e4 O-O 9. Bd3 Re8 10. O-O c4 11. Bxc4 Nxe4 12. Nxe4 Rxe4 13. Bg5 Qf8 14. Qc2 Re8 15. Rae1 Bf5 16. Rxe8 Qxe8 17. Qb3 Nd7 18. Qxb7 Nc5 19. Qc6 Bxb2 20. Qxd6 Ne4 21. Qf4 Nxg5 22.
Nxg5 Qe5 23. Qxe5 Bxe5 24. d6 Bxd6 25. Nxf7 Bc5 26. Nd6+ Kg7 27. Nxf5+ gxf5 28. Rd1 Kf6 29. g3 f4 30. Kg2 fxg3 31. fxg3 Re8 32. Rd5 Bb6 33. Rh5 Re4 34. Bb3 Re2+ 35. Kf3 Rf2+ 36. Kg4 Kg7 37. Rg5+ Kf6 38. Rd5 Re2 39. h4 Re3 40.
Rd7 h5+ 41. Kxh5 Rxg3 42. Rf7+ Ke5 43. Re7+ Kf6 44. Re6+ Kf5 45. Re7 Bd4 46. Rf7+ Bf6 47. Rxa7 Re3 48. Ra5+ Be5 49. Kh6 Rg3 50. h5 Kf4 51. Ra4+ Kf5 52. Ra6 Rg2 53. Be6+ Ke4 54. Bf7 Bf4+ 55. Kh7 Rh2 56. Bg6+ Ke5 57. a4 Rb2 58.
Ra7 Kf6 59. Rf7+ Kg5 60. a5 Ra2 61. Rf5+ Kg4 62. Rb5 Bd2 63. h6 Rxa5 64. Rb7 Ra6 65. Kg7 Bc3+ 66. Kh7 Bd2 67. Rf7 Rb6 68. Bf5+ Kg5 69.
Bd3 Rxh6+ 70. Kg8 Bc3 71. Rh7 Rd6 72. Kf7 Rxd3 73. Ke6 Kf4 74. Rd7 Rh3 75. Ke7 Ke5 76. Rc7 Rh7+ 77. Kd8 Ba5 0-1

[Event "*** SCC Grand Prix: Titled Tuesday Blitz"]
[Site "Chess.com"]
[Date "2020.09.29"]
[Round "3"]
[White "Sethu0025"]
[Black "IMDT02"]
[Result "1-0"]
[WhiteElo "2773"]
[BlackElo "2544"]
[TimeControl "180+1"]
[EndTime "10:29:28 PDT"]
[Termination "Sethu0025 won by resignation"]

1. d4 Nf6 2. c4 e6 3. Nc3 Bb4 4. Nf3 O-O 5. Bg5 d6 6. Qc2 Nbd7 7.
e3 h6 8. Bh4 e5 9. dxe5 Nxe5 10. Nxe5 dxe5 11. Be2 Be7 12. Rd1 Qe8 13. O-O c6 14.
Bg3 Bb4 15. a3 Ba5 16. b4 Bc7 17. c5 Be6 18. Bh4 Nd5 19. Nxd5 Bxd5 20. e4 Be6 21.
Rd2 f5 22. exf5 Bxf5 23. Qc3 e4 24. Bg3 Bxg3 25. hxg3 Rd8 26. Rfd1 Rxd2 27. Qxd2 Qe5 28. Qd4 Re8 29. Bc4+ Kh7 30. Qxe5 Rxe5 31. Kf1 e3 32. f3 b6 33. cxb6 axb6 34. Ke2 c5 35. b5 Re7 36. Rd6 Ra7 37. Kxe3 Rxa3+ 38. Kf4 Bc2 39.
Ke5 Rc3 40. Bd5 Re3+ 41. Kf4 Re2 42. g4 Rxg2 43. Rxb6 Rd2 44. Be6 Re2 45. Rc6 Bd3 46. Bf5+ Bxf5 47. Kxf5 Re3 48. Rxc5 Rxf3+ 49. Ke4 Rb3 50. Kf4 Rb4+ 51. Kg3 Kg6 52. Rc6+ Kg5 53. Rc5+ Kg6 54. Kf3 Kf6 55. Rf5+ Kg6 56. Rd5 Kf6 57. Kg3 Kg6 58. Rd6+ Kg5 59. Rd5+ Kg6 60. Kf3 Kf6 61. Rc5 Kg6 62. Rc6+ Kg5 63. Rc5+ Kg6 64. Kg3 Kf6 65. Kh4 Kg6 66. Rc6+ Kf7 67. b6 Kg8 68. Kh5 Kh7 69. Kh4 Rb5 70. Kg3 Kg8 71. Rc8+ Kf7 72. Rc7+ Kg6 73.
b7 Kg5 74. Rxg7+ Kf6 75. Rc7 Ke6 76. Rh7 Ke5 77. Kh4 Kf4 78. Rf7+ Ke5 79. Rf5+ 1-0

[Event "*** SCC Grand Prix: Titled Tuesday Blitz"]
[Site "Chess.com"]
[Date "2020.09.29"]
[Round "3"]
[White "Grieve72"]
[Black "DrMamaliga"]
[Result "1-0"]
[WhiteElo "2458"]
[BlackElo "2285"]
[TimeControl "180+1"]
[EndTime "10:29:31 PDT"]
[Termination "Grieve72 won on time"]

1. e4 e5 2. Nf3 Nc6 3. Bb5 a6 4. Ba4 d6 5. c3 f5 6. exf5 Bxf5 7.
O-O Bd3 8. Re1 Be7 9. Re3 e4 10.
Na3 Nf6 11. Ne1 O-O 12. Nxd3 exd3 13. Bxc6 bxc6 14. Rxd3 Nd5 15. Rf3 Qd7 16. d4 Bh4 17. g3 Qh3 18. Nc2 Be7 19. c4 Nf6 20.
Qf1 Qxf1+ 21. Kxf1 Ng4 22. Rxf8+ Rxf8 23. Bf4 Nxh2+ 24.
Kg2 Ng4 25. Re1 Bd8 26. Nb4 Nxf2 27. Kxf2 g5 28. Nxa6 gxf4 29. Nb4 fxg3+ 30. Kxg3 c5 31. dxc5 dxc5 32. Nd5 c6 33. Nc3 Bf6 34. Re3 Bd4 35.
Rd3 Rb8 36. b3 Rf8 37. Ne2 Be5+ 38. Kg2 Ra8 39. a4 Rb8 40. Kf3 Kf7 41. Ke4 Ke6 42. Rh3 h5 43. Rxh5 Bd6 44. Rh6+ Kd7 45. Rh3 Ke6 46.
Nf4+ Bxf4 47. Kxf4 Rg8 48. Rh5 Kd6 49. Rh6+ Kc7 50. Rh3 Kb6 51. Ke5 Rd8 52. Rh7 Rd3 53.
Rh8 Ka5 54. Rb8 Rd4 55. Ke6 Rd3 56. Rb7 Rd4 57. Rb8 Rd3 58. Kf5 Rd4 59. Ke5 Ka6 60. Rc8 Kb6 61. Ke6 Rd3 62. Rb8+ Ka7 63. Rc8 Kb7 64.
Re8 Rxb3 65. Kd6 Rd3+ 66. Kxc5 Ra3 67. Re7+ Ka6 68. Kxc6 Rxa4 69. c5 Rh4 70. Kc7 Kb5 71. c6 Rh6 72. Re5+ Ka6 73. Kd7 Rh7+ 74. Re7 Rh6 75. c7 Rh2 76. c8=Q+ 1-0

[Event "*** SCC Grand Prix: Titled Tuesday Blitz"]
[Site "Chess.com"]
[Date "2020.09.29"]
[Round "3"]
[White "Gahan-MG"]
[Black "daro94"]
[Result "1/2-1/2"]
[WhiteElo "2589"]
[BlackElo "2934"]
[TimeControl "180+1"]
[EndTime "10:29:37 PDT"]
[Termination "Game drawn by repetition"]

1. e4 e6 2. b3 d5 3. Bb2 Nf6 4. e5 Nfd7 5. c4 c5 6. cxd5 exd5 7. f4 Nc6 8. Nf3 Nb6 9. d4 cxd4 10. Nxd4 Bb4+ 11. Nc3 O-O 12. a3 Bc5 13. Nce2 Bg4 14. Qd2 Rc8 15. g3 f6 16. Nxc6 Rxc6 17. b4 Nc4 18.
Qc3 Bb6 19. Nd4 Bxd4 20. Qxd4 fxe5 21. fxe5 Nxe5 22. Bg2 Nd3+ 23. Qxd3 Qe7+ 24. Be4 dxe4 25. Qd5+ Kh8 26. Rf1 Bf3 27. Qe5 Qxe5 28. Bxe5 Rd8 29. Rf2 Kg8 30. Rd2 Re8 31. Bd4 h6 32. Kf2 a6 33.
Ke3 Kh7 34. Raa2 Re7 35. Rac2 Rce6 36. Rc8 Rf7 37. Rdc2 Bg4 38. Rf2 Rf3+ 39. Rxf3 exf3+ 40. Kf4 Bh3 41. Rc7 f2 42. Rxg7+ Kh8 43. Rc7+ Kg8 44. Bxf2 Rf6+ 45. Ke3 Bg4 46. Be1 Re6+ 47. Kf2 Re2+ 48. Kf1 Ra2 49. Bc3 Bh3+ 50. Ke1 b5 51.
Rg7+ Kf8 52. Rg6 h5 53. Rxa6 Rxh2 54. Bf6 Bg4 55. Bh4 Re2+ 56. Kf1 Ra2 57. Ra5 Kf7 58. Ke1 Re2+ 59. Kf1 Ra2 60. Ke1 Re2+ 61. Kf1 Re5 62.
Kf2 Ke6 63. Ra6+ Kd5 64. a4 Re2+ 65. Kf1 Rb2 66. axb5 Rxb4 67. Ra5 Rb2 68. Ke1 Kc4 69. b6 Kd3 70. Ra3+ Ke4 71. Ra6 Ke3 72. Ra3+ Ke4 73.
Ra6 Re2+ 74. Kf1 Rc2 75. Ra4+ Kf3 76. Ra3+ Ke4 77. Rb3 Bh3+ 78. Ke1 Rc1+ 79. Kd2 Rc8 80. b7 Rb8 81. Be7 Kd5 82. Bg5 Kc6 83. Bf4 Rxb7 84.
Rxb7 Kxb7 85. Bg5 Bg4 86. Bh4 Kc6 87. Ke3 Kd5 88. Kf4 Kc4 89. Kg5 Kd3 90. Kf4 Ke2 91.
Kg5 Kf1 92. Kf4 Kg1 93. Kg5 Kh2 94. Kf4 Kh3 95. Kg5 Kg2 96. Kf4 Kh2 97. Kg5 Kh3 98.
Kf4 Kg2 99. Kg5 Kh2 100. Kf4 Kh3 101. Kg5 Kg2 102. Kf4 Kh2 103. Kg5 Kh3 104. Kf4 Kg2 105. Kg5 Kh2 1/2-1/2

[Event "*** SCC Grand Prix: Titled Tuesday Blitz"]
[Site "Chess.com"]
[Date "2020.09.29"]
[Round "3"]
[White "TimofeevAr"]
[Black "Shota_Azaladze"]
[Result "1/2-1/2"]
[WhiteElo "2866"]
[BlackElo "2659"]
[TimeControl "180+1"]
[EndTime "10:29:44 PDT"]
[Termination "Game drawn - insufficient material"]

1. e4 g6 2. d4 Bg7 3. Nc3 c6 4. h3 d6 5. g4 e5 6. Nge2 Ne7 7. Bg2 O-O 8. Be3 f5 9. gxf5 gxf5 10. dxe5 dxe5 11.
Qxd8 Rxd8 12. Bg5 Re8 13. O-O-O Nd7 14. Ng3 f4 15. Nh5 Ng6 16. h4 h6 17. Rd6 Ndf8 18. Nxg7 Kxg7 19. Bf6+ Kf7 20. h5 Re6 21. hxg6+ Kxf6 22. Rd8 Nxg6 23. Bh3 Re7 24. Rxc8 Rxc8 25. Bxc8 Kg5 26.
Bf5 Nh4 27. Bh3 h5 28. Ne2 f3 29. Ng3 Ng6 30. Nf1 Nf4 31. Ne3 Kf6 32. Bf1 Rg7 33. Kd2 b5 34. b3 a5 35. c4 b4 36. c5 a4 37. bxa4 Ra7 38. Bc4 Rxa4 39. Nf5 Ra5 40. Nh4 Rxc5 41. Bb3 Rc3 42. Bd1 c5 43. Nxf3 c4 44. Ne1 Ra3 45. Bxh5 Rxa2+ 46. Ke3 b3 47. Bd1 Ra1 48. Kd2 b2 49. Bc2 b1=Q 50. Bxb1 Rxb1 51. Rh6+ Kg5 52. Rc6 Rxe1 53. Kxe1 Kg4 54. Rxc4 Kf3 55. Rc3+ Kxe4 56. Kd2 Kd4 57. Ra3 e4 58. Ra4+ Ke5 59.
Ra5+ Nd5 60. Ke2 Kd4 61. Kf1 Nf4 62. Ra4+ Ke5 63. Ke1 Kf5 64. Kd2 Ke5 65. Rb4 Nd5 66.
Rb8 Kd4 67. Rd8 Ke5 68. Ke2 Nf4+ 69. Kf1 Nd5 70. Kg2 Nf4+ 71. Kg3 Nd5 72. Kg4 Nf6+ 73. Kg5 Nd5 74. Re8+ Kd4 75. Kf5 e3 76. f4 Kd3 77.
Re5 Nc3 78. Kg6 e2 79. Rxe2 Nxe2 80. f5 Nf4+ 81. Kg7 Nd5 82. f6 Nxf6 1/2-1/2

[Event "*** SCC Grand Prix: Titled Tuesday Blitz"]
[Site "Chess.com"]
[Date "2020.09.29"]
[Round "3"]
[White "frederiksvane"]
[Black "venus02"]
[Result "1/2-1/2"]
[WhiteElo "2684"]
[BlackElo "2437"]
[TimeControl "180+1"]
[EndTime "10:30:13 PDT"]
[Termination "Game drawn - insufficient material"]

1. e4 c6 2. Nf3 d5 3. Nc3 dxe4 4. Nxe4 Nf6 5. Qe2 Nxe4 6. Qxe4 Nd7 7. Bc4 Nf6 8. Ne5 e6 9. Qe2 b5 10. Bd3 Qc7 11. b3 Bb7 12. Bb2 Bd6 13. O-O O-O 14.
Rae1 a6 15. f4 c5 16. Ng4 Nxg4 17. Qxg4 f5 18. Qe2 Rae8 19. Be5 Bxe5 20. Qxe5 Qb6 21. Rf2 Rf6 22. Re3 Rd8 23. Rg3 Kh8 24. c4 Qc6 25.
Bf1 b4 26. Re2 a5 27. Ree3 Rxd2 28. Rd3 Rxd3 29. Rxd3 h6 30. Rd6 Qe4 31. Qxe4 Bxe4 32. Bd3 Kh7 33. Kf2 g5 34. fxg5 hxg5 35. Bxe4 fxe4+ 36. Ke3 Rf1 37. Rd2 Kg6 38. Kxe4 Kf6 39. Ke3 Rc1 40.
Ke4 a4 41. Rd6 Rc2 42. Ra6 axb3 43. axb3 Rxg2 44. Ra5 Rxh2 45. Rxc5 Rb2 46. Rc8 Rxb3 47. Rb8 Rb1 48. c5 b3 49. c6 Rc1 50. Rxb3 Rxc6 51.
Rf3+ Ke7 52. Rg3 Rc5 53. Rf3 Rb5 54. Rf1 Rb4+ 55. Ke5 Rb5+ 56. Ke4 Rd5 57. Rf2 g4 58. Rg2 Rg5 59. Kf4 Rg8 60. Kg3 Kd6 61. Rd2+ Ke7 62.
Re2 Rg6 63. Re1 Rg5 64. Kf4 Kf6 65. Kg3 Rg8 66. Rf1+ Ke5 67. Re1+ Kd5 68. Rd1+ Kc6 69. Re1 Kd6 70. Rd1+ Ke7 71. Re1 Rg5 72. Kf4 Rg6 73. Kg3 Rg8 74. Re2 Kf6 75. Rf2+ Kg5 76. Re2 Re8 77.
Re5+ Kf6 78. Re1 Kf5 79. Rf1+ Kg5 80. Re1 e5 81. Re4 Kf5 82. Rxg4 e4 83. Rg7 e3 84.
Rf7+ Ke4 85. Ra7 Kd3 86. Ra3+ Kd2 87. Ra2+ Kc3 88. Kf3 Kd3 89. Ra3+ Kd2 90. Ra2+ Kd3 91. Ra3+ Kd4 92. Ra4+ Kc3 93. Ra3+ Kb4 94. Rxe3 Rxe3+ 95. Kxe3 1/2-1/2

[Event "*** SCC Grand Prix: Titled Tuesday Blitz"]
[Site "Chess.com"]
[Date "2020.09.29"]
[Round "3"]
[White "Schandenfreude"]
[Black "jens1102"]
[Result "1-0"]
[WhiteElo "2582"]
[BlackElo "2376"]
[TimeControl "180+1"]
[EndTime "10:30:14 PDT"]
[Termination "Schandenfreude won by checkmate"]

1. d4 Nf6 2. Bf4 e6 3. e3 d5 4. Nf3 c5 5. c3 Nc6 6. Nbd2 Bd6 7. Bg3 Qe7 8. Bb5 O-O 9. O-O Bd7 10. Qe2 a6 11. Bxc6 Bxc6 12. Bxd6 Qxd6 13. Rfe1 cxd4 14. cxd4 Bb5 15. Qd1 Rac8 16. Qb3 Rc7 17. a4 Bc4 18. Qa3 Qxa3 19. Rxa3 Rfc8 20. Ne5 Ne8 21. a5 Nd6 22. h3 Nb5 23. Raa1 f6 24. Nexc4 dxc4 25. Ne4 Kf7 26. Nc3 Na7 27. Ra4 Nc6 28. Rea1 Ne7 29. Rb4 Nd5 30.
Rba4 f5 31. Kf1 Rd8 32. Ke2 Ke7 33. Rc1 Kd6 34. Nd1 Rdc8 35. Nc3 Nxc3+ 36. bxc3 Kd5 37. Rb1 Rd8 38. Rab4 Rdd7 39. Rb6 e5 40. f3 e4 41. Kf2 Rf7 42. f4 g6 43. g4 Rcd7 44.
gxf5 gxf5 45. Rg1 Rc7 46. Rg5 Rc6 47. Rb1 Rg6 48. Rbg1 Rxg5 49. Rxg5 Kc6 50. Rg1 Kb5 51. Ra1 b6 52. axb6 Kxb6 53. Rb1+ Kc6 54. Rb4 Kd5 55. Rb6 Ra7 56. Rb1 a5 57. Ke2 a4 58. Kd2 a3 59.
Ra1 h5 60. Kc2 h4 61. Kb1 Ra6 62. Ka2 Ra7 63. Rb1 Ke6 64. Rb6+ Kf7 65. Rc6 Ra4 66.
Rc5 Kf6 67. Rb5 Ra8 68. Rb4 Rg8 69. Rxc4 Rg3 70. Kxa3 Rxe3 71. Rc6+ Kg7 72. d5 Rxh3 73. Kb4 Rd3 74. c4 h3 75. Rc7+ Kf6 76. Rh7 e3 77.
Rxh3 e2 78. Rh6+ Kf7 79. Re6 Rf3 80. Rxe2 Rxf4 81. Kc5 Rf1 82. d6 Rd1 83. Kc6 f4 84. d7 Kf6 85. Kc7 Kf5 86. Re8 f3 87. d8=Q Rxd8 88.
Rxd8 Ke4 89. Rf8 Ke3 90. c5 f2 91. c6 Ke2 92. Rxf2+ Kxf2 93. Kd7 Ke3 94. c7 Kf3 95.
c8=Q Kg4 96. Qc6 Kh4 97. Qd6 Kh3 98. Ke7 Kh4 99. Qg6 Kh3 100. Kf6 Kh4 101. Kf5 Kh3 102. Kf4 Kh2 103. Kf3 Kh1 104. Qg2# 1-0

[Event "*** SCC Grand Prix: Titled Tuesday Blitz"]
[Site "Chess.com"]
[Date "2020.09.29"]
[Round "3"]
[White "kobemagic"]
[Black "hungrycaterpillar4"]
[Result "1-0"]
[WhiteElo "2420"]
[BlackElo "2620"]
[TimeControl "180+1"]
[EndTime "10:30:20 PDT"]
[Termination "kobemagic won by resignation"]

1. c4 c6 2. g3 d5 3. Bg2 Nf6 4. Nf3 dxc4 5. Qc2 b6 6. Qxc4 Bb7 7. O-O Nbd7 8. d4 Rc8 9. Nc3 b5 10. Qb3 a6 11. Bf4 e6 12. Rac1 Be7 13. Ne5 O-O 14.
Nxd7 Qxd7 15. Rfd1 Bd6 16. Bxd6 Qxd6 17. Ne4 Nxe4 18. Bxe4 e5 19. e3 g6 20. Qc3 exd4 21.
Rxd4 Qe6 22. a3 Ba8 23. Qc5 Rfe8 24. Bf3 Qe7 25. b4 Qxc5 26. Rxc5 Re7 27. Rd6 Rec7 28. h4 Kf8 29. h5 Ke7 30. Rd4 Rd7 31. Re5+ Kd8 32.
Rxd7+ Kxd7 33. hxg6 hxg6 34. Rc5 Kd6 35. e4 f6 36. Bg4 Re8 37. f3 a5 38. Kf2 Rh8 39. f4 a4 40. e5+ Ke7 41. exf6+ Kxf6 42. Bf3 Rh2+ 43. Bg2 Bb7 44. Kg1 Rh7 45. Bxc6 Bxc6 46. Rxc6+ Kf5 47. Kg2 Rd7 48. Rc3 Rd2+ 49. Kf3 Ra2 50.
Rc5+ Kf6 51. Rxb5 Rxa3+ 52. Kg4 Rb3 53. Rb6+ Kf7 54. b5 a3 55. Ra6 Rxb5 56. Rxa3 Kg7 57.
Ra6 Kh6 58. Ra8 Kg7 59. Kh4 Rh5+ 60. Kg4 Rb5 61. Re8 Kf7 62. Re5 Rb3 63. Rd5 Kf6 64.
Rd6+ Kf7 65. Rc6 Kg7 66. Kh4 Kh7 67. g4 Rb5 68. Rc7+ Kg8 69. Rd7 Kf8 70. Rd6 Kf7 71.
Rc6 Kg7 72. Rc7+ Kf6 73. g5+ Ke6 74. Rg7 Kf5 75. Rf7+ Ke4 76. Kg4 Rb1 77. Re7+ Kd5 78.
Re3 Rb6 79. Rf3 Ke4 80. Rf1 Kd5 81. Re1 Re6 82. Rd1+ Kc6 83. f5 gxf5+ 84. Kxf5 Re2 85.
Kg6 Rf2 86. Kh6 Rh2+ 87. Kg7 Rg2 88. g6 Rg3 89. Kh7 Rh3+ 90. Kg8 Rg3 91. g7 Kc7 92. Rf1 Kd7 93. Kf7 Rg1 94. Rxg1 Kd6 1-0

[Event "*** SCC Grand Prix: Titled Tuesday Blitz"]
[Site "Chess.com"]
[Date "2020.09.29"]
[Round "3"]
[White "Evandro_Barbosa"]
[Black "KyrgyzFighter"]
[Result "1-0"]
[WhiteElo "2738"]
[BlackElo "2378"]
[TimeControl "180+1"]
[EndTime "10:30:29 PDT"]
[Termination "Evandro_Barbosa won by checkmate"]

1. e4 e6 2. d3 d5 3. Qe2 Be7 4.
Nf3 Nf6 5. g3 O-O 6. Bg2 c5 7. O-O Nc6 8. e5 Nd7 9. c4 d4 10. h4 Rb8 11. h5 b6 12. Bf4 Bb7 13.
h6 g6 14. Re1 a6 15. g4 b5 16. Nbd2 Nb6 17. b3 Nb4 18. Rec1 bxc4 19. dxc4 d3 20.
Qd1 Nc2 21. Rab1 Nd4 22. Bf1 Qd7 23. Bxd3 Rfd8 24. Be4 Bxe4 25. Nxe4 Qc6 26. Nfd2 Rd7 27. Be3 Rbd8 28. Bxd4 Rxd4 29. Qe2 Qc7 30. Nf3 R4d7 31. Rd1 a5 32. a4 Qc6 33. Rxd7 Rxd7 34. g5 Na8 35.
Qe3 Nc7 36. Qf4 Rd3 37. Rb2 Na6 38. Rd2 Nb4 39. Nf6+ Kh8 40. Ne4 Kg8 41. Kf1 Rxb3 42. Nf6+ Kh8 43. Ne4 Kg8 44. Rd1 Nd3 45. Nf6+ Kh8 46.
Qe4 Qxe4 47. Nxe4 Kg8 48. Ne1 Nxe1 49. Kxe1 Kf8 50. Rd7 Ke8 51. Rc7 Rb4 52. Nf6+ Bxf6 53. exf6 Rxc4 54. Re7+ Kf8 55. Ra7 Ke8 56. Re7+ Kf8 57.
Ra7 Ke8 58. Rxa5 Rc2 59. Ra8+ Kd7 60. Ra7+ Ke8 61. Re7+ Kf8 62. Rc7 Ke8 63. a5 Ra2 64.
Re7+ Kf8 65. Rc7 Ke8 66. Rxc5 Kd7 67. Rb5 Kc6 68. Rb6+ Kc7 69. Rb5 Kc6 70. Re5 Kd6 71. f4 Ra4 72. Rb5 Kc6 73. Rb6+ Kc7 74. Rb5 Kc6 75.
Rb8 Rxa5 76. Rf8 Ra7 77. Rh8 Kd5 78. Rxh7 Ke4 79. Rg7 Kxf4 80. h7 Ke3 81. Kd1 Ra1+ 82. Kc2 Rh1 83. Rxf7 Kf4 84. Rg7 e5 85. f7 Kxg5 86.
f8=Q e4 87. h8=Q Rxh8 88. Qxh8 e3 89. Qh7 Kf4 90. Rf7+ Ke5 91. Qxg6 e2 92. Rf5+ Ke4 93. Qg4+ Ke3 94. Rf3# 1-0

[Event "*** SCC Grand Prix: Titled Tuesday Blitz"]
[Site "Chess.com"]
[Date "2020.09.29"]
[Round "3"]
[White "gui_borba"]
[Black "Vugar_Manafov"]
[Result "1/2-1/2"]
[WhiteElo "2432"]
[BlackElo "2683"]
[TimeControl "180+1"]
[EndTime "10:31:03 PDT"]
[Termination "Game drawn - insufficient material"]

1. d4 Nf6 2. Bf4 e6 3. Nc3 Bd6 4. e3 O-O 5. Nf3 b6 6. Bd3 Ba6 7. O-O Bxf4 8. exf4 c5 9. Bxa6 Nxa6 10. Qe2 Nb4 11. Rad1 Qc7 12. g3 a6 13. a3 Nbd5 14. Nxd5 exd5 15. dxc5 bxc5 16. c4 dxc4 17. Qxc4 d5 18.
Qc3 Rac8 19. Rfe1 Rfd8 20. b4 Ne4 21. Qb2 c4 22. Qd4 c3 23. Rc1 Qc4 24. Red1 c2 25. Rd3 Rc7 26. Qxc4 Rxc4 27. Nd2 Nxd2 28. Rxd2 Rdc8 29.
Rxd5 Rc3 30. Rd2 g6 31. Kf1 R8c4 32. Ke2 Rxa3 33. Rcxc2 Rxb4 34. Rc8+ Kg7 35. Rc7 Rb5 36. Rdd7 Rf5 37. Ra7 Ra2+ 38. Kf3 g5 39. Kg4 Rf6 40. Kxg5 Rxf2 41. h4 Rg2 42. Rd3 Rg6+ 43. Kf5 R2xg3 44. Rxg3 Rxg3 45. Rxa6 h5 46. Ra1 Rg4 47. Rh1 Rg2 48. Rh3 Rg1 49. Rh2 Rg4 50. Rh3 Kf8 51. Kf6 Rg6+ 52.
Kf5 Rg4 53. Kf6 Rxf4+ 54. Kg5 Rg4+ 55. Kxh5 Rg6 56. Rf3 Rg1 57. Rf5 Ke7 58. Rg5 Rf1 59. Kg4 Ke6 60. h5 f5+ 61. Kh4 Ke5 62. Rg6 Kf4 63.
Kh3 Rh1+ 64. Kg2 Rxh5 65. Ra6 Rg5+ 66. Kf2 Rg7 67. Ra4+ Kg5 68. Ra5 Rc7 69. Kf3 Rb7 70.
Kf2 Rb3 71. Kg2 Kg4 72. Kf2 f4 73. Ra8 Rb2+ 74. Kf1 Kg3 75. Rg8+ Kf3 76. Kg1 Rb1+ 77. Kh2 Kf2 78. Rg2+ Ke3 79. Rg8 f3 80. Re8+ Kf2 81. Ra8 Re1 82. Ra2+ Re2 83. Ra8 Ke1+ 84. Kg3 f2 85.
Ra1+ Kd2 86. Rf1 Ke3 87. Kg2 Rb2 88. Rd1 Ke2 89. Rf1 Ke3 90. Rd1 Ra2 91. Rb1 Ra3 92. Kf1 Rd3 93. Ra1 Kf3 94. Rb1 Re3 95. Ra1 Kg3 96. Rb1 Rf3 97. Ra1 Kh3 98. Rb1 Rf4 99.
Rb3+ Kh2 100. Rb2 Kg3 101. Rb3+ Kg4 102. Rb2 Rc4 103. Rxf2 Rf4 104. Rxf4+ Kxf4 1/2-1/2